AAA
LYNN PATRIOTS @ BATON ROUGE BAYOU
07/31/2059
 
TOP OF THE 1ST
Lynn Patriots batting - Pitching for Baton Rouge Bayou : RHP Casey Fish
Pitching: RHP Casey Fish
Batting: RHB Paxton Barnett 0-0: Ball
1-0: SINGLE (Groundball, 4MD, EV 96.9 MPH)
Batting: RHB Amani Hansen 0-0: Called Strike
0-1: Ball
1-1: Ball
2-1: Grounds into double play, 4-6-3 (Groundball, 34, EV 88.8 MPH)
Batting: RHB Carter Kocher 0-0: Ball
1-0: Called Strike
1-1: Fly out, F4 (Popup, 4S, EV 76.9 MPH)
Top of the 1st over - 0 runs, 1 hit, 0 errors, 0 left on base; Lynn 0 - Baton Rouge 0
BOTTOM OF THE 1ST
Baton Rouge Bayou batting - Pitching for Lynn Patriots : RHP Wyatt McManus
Pitching: RHP Wyatt McManus
Batting: RHB Huston Cruz 0-0: Ball
1-0: Ball
2-0: Foul Ball, location: 2F
2-1: Ball
3-1: Ground out 6-3 (Groundball, 6, EV 89.4 MPH)
Batting: RHB Tripp Kalifetona 0-0: Called Strike
0-1: Ground out 6-3 (Groundball, 56D, EV 83.1 MPH)
Batting: LHB Jon MacKinnon 0-0: Called Strike
0-1: Fly out, F8 (Line Drive, 8LD, EV 93.1 MPH)
Bottom of the 1st over - 0 runs, 0 hits, 0 errors, 0 left on base; Lynn 0 - Baton Rouge 0
TOP OF THE 2ND
Lynn Patriots batting - Pitching for Baton Rouge Bayou : RHP Casey Fish
Batting: RHB Rodrick Madhubuti 0-0: Swinging Strike
0-1: Swinging Strike
0-2: Ball
1-2: Strikes out swinging
Batting: RHB Mike Thompson 0-0: Ball
1-0: Foul Ball, location: 2F
1-1: Ball
2-1: Ball
3-1: Foul Ball, location: 2F
3-2: Base on Balls
Batting: SHB Xavier Amaro 0-0: Ball
Pickoff Throw to First - Out! 1-3
1-0: Swinging Strike
1-1: Foul Ball, location: 2F
1-2: Ball
2-2: Strikes out looking
Top of the 2nd over - 0 runs, 0 hits, 0 errors, 0 left on base; Lynn 0 - Baton Rouge 0
BOTTOM OF THE 2ND
Baton Rouge Bayou batting - Pitching for Lynn Patriots : RHP Wyatt McManus
Batting: LHB Isaac Allen 0-0: Ball
1-0: Foul Ball, location: 2F
1-1: Swinging Strike
1-2: Foul Ball, location: 2F
1-2: Foul Ball, location: 2F
1-2: Strikes out swinging
Batting: SHB Rob French 0-0: Called Strike
0-1: SINGLE (Flyball, 8LS, EV 98.8 MPH)
Batting: LHB Devin Kee 0-0: Called Strike
0-1: Ball
1-1: DOUBLE (Line Drive, 9LM, EV 94.4 MPH)
Rob French to third
Runner from 3rd tries for Home, SAFE, throw by RF to home
Batting: LHB Peter Beasley 0-0: Ball
1-0: Called Strike
1-1: Swinging Strike
1-2: Fly out, F5 (Line Drive, 5, EV 68.8 MPH)
Batting: RHB Justin Greene 0-0: Called Strike
0-1: Ball
1-1: Ground out 6-3 (Groundball, 6, EV 96.2 MPH)
Bottom of the 2nd over - 1 run, 2 hits, 0 errors, 1 left on base; Lynn 0 - Baton Rouge 1
TOP OF THE 3RD
Lynn Patriots batting - Pitching for Baton Rouge Bayou : RHP Casey Fish
Batting: LHB Deshaun Hone 0-0: Called Strike
0-1: Swinging Strike
0-2: Foul Ball, location: 2F
0-2: Ground out 4-3 (Groundball, 4, EV 103.8 MPH)
Batting: LHB Chase Corman 0-0: Called Strike
0-1: Ball
1-1: Ball
2-1: Foul Ball, location: 2F
2-2: Ball
3-2: Base on Balls
Batting: RHB Scottie Viele 0-0: Foul Ball, location: 2F
0-1: Foul Ball, location: 2F
0-2: Fly out, F9 (Flyball, 89S, EV 91.9 MPH)
Batting: RHB Paxton Barnett 0-0: Foul Ball, location: 2F
0-1: Foul Ball, location: 2F
0-2: Ball
1-2: DOUBLE (Line Drive, 89D, EV 99.4 MPH)
Chase Corman to third
Batting: RHB Amani Hansen 0-0: Ball
1-0: SINGLE (Groundball, 6MD, EV 98.8 MPH)
Chase Corman scores
Paxton Barnett to third
Runner from 3rd tries for Home, SAFE, throw by CF to home
Batting: RHB Carter Kocher 0-0: Called Strike
Amani Hansen is caught stealing 2nd base 2-4
Top of the 3rd over - 2 runs, 2 hits, 0 errors, 0 left on base; Lynn 2 - Baton Rouge 1
BOTTOM OF THE 3RD
Baton Rouge Bayou batting - Pitching for Lynn Patriots : RHP Wyatt McManus
Batting: RHB Jeremie Holzschuh 0-0: Swinging Strike
0-1: Ball
1-1: Ground out 6-3 (Groundball, 6, EV 88.8 MPH)
Batting: RHB Huston Cruz 0-0: SINGLE (Groundball, 6MD, EV 105.6 MPH)
Batting: RHB Tripp Kalifetona 0-0: Foul Ball, location: 2F
0-1: Foul Ball, location: 2F
0-2: Foul Ball, location: 2F
0-2: SINGLE (Flyball, 6MD, EV 91.2 MPH)
Huston Cruz to second
Batting: LHB Jon MacKinnon 0-0: Ball
1-0: Foul Ball, location: 2F
1-1: Foul Ball, location: 2F
1-2: Ball
2-2: Grounds into double play, 6-4-3 (Groundball, 56, EV 81.2 MPH)
Bottom of the 3rd over - 0 runs, 2 hits, 0 errors, 1 left on base; Lynn 2 - Baton Rouge 1
TOP OF THE 4TH
Lynn Patriots batting - Pitching for Baton Rouge Bayou : RHP Casey Fish
Batting: RHB Carter Kocher 0-0: Ball
1-0: Ball
2-0: Ball
3-0: Fly out, F9 (Line Drive, 9D, EV 96.9 MPH)
Batting: RHB Rodrick Madhubuti 0-0: Foul Ball, location: 2F
0-1: Foul Ball, location: 2F
0-2: Foul Ball, location: 2F
0-2: Ball
1-2: Fly out, F6 (Popup, P, EV 86.9 MPH)
Batting: RHB Mike Thompson 0-0: Ball
1-0: Swinging Strike
1-1: Ball
2-1: Foul Ball, location: 2F
2-2: Strikes out swinging
Top of the 4th over - 0 runs, 0 hits, 0 errors, 0 left on base; Lynn 2 - Baton Rouge 1
BOTTOM OF THE 4TH
Baton Rouge Bayou batting - Pitching for Lynn Patriots : RHP Wyatt McManus
Batting: LHB Isaac Allen 0-0: Foul Ball, location: 2F
0-1: Fly out, F3 (Popup, 23F, EV 84.4 MPH)
Batting: SHB Rob French 0-0: Called Strike
0-1: Fly out, F9 (Flyball, 89M, EV 78.1 MPH)
Batting: LHB Devin Kee 0-0: Ball
1-0: Fly out, F8 (Flyball, 8RD, EV 91.9 MPH)
Bottom of the 4th over - 0 runs, 0 hits, 0 errors, 0 left on base; Lynn 2 - Baton Rouge 1
TOP OF THE 5TH
Lynn Patriots batting - Pitching for Baton Rouge Bayou : RHP Casey Fish
Batting: SHB Xavier Amaro 0-0: Ball
1-0: Called Strike
1-1: SINGLE (Line Drive, 34D, EV 98.8 MPH)
Batting: LHB Deshaun Hone 0-0: Called Strike
0-1: Swinging Strike
0-2: Ball
1-2: Ball
2-2: Ball
3-2: Base on Balls
Xavier Amaro to second
Batting: LHB Chase Corman 0-0: Ball
1-0: Bunted foul
1-1: Bunt missed!
1-2: Ball
2-2: Foul Ball, location: 2F
2-2: Foul Ball, location: 2F
2-2: Ball
3-2: Foul Ball, location: 2F
3-2: Foul Ball, location: 2F
3-2: Fielders Choice at 2nd, 5-4 (Groundball, 5, EV 96.9 MPH)
Xavier Amaro to third
Batting: RHB Scottie Viele 0-0: Swinging Strike
0-1: Ball
1-1: Ball
2-1: Swinging Strike
2-2: Ball
3-2: Grounds into double play, 6-4-3 (Groundball, 6, EV 83.8 MPH)
Top of the 5th over - 0 runs, 1 hit, 0 errors, 1 left on base; Lynn 2 - Baton Rouge 1
BOTTOM OF THE 5TH
Baton Rouge Bayou batting - Pitching for Lynn Patriots : RHP Wyatt McManus
Batting: LHB Peter Beasley 0-0: Swinging Strike
0-1: TRIPLE (Line Drive, 78XD, EV 106.9 MPH)
Batting: RHB Justin Greene 0-0: Foul Ball, location: 2F
0-1: Ball
1-1: Ball
2-1: Ball
3-1: SINGLE (Groundball, 56S, EV 71.2 MPH) (infield hit)
Peter Beasley scores
Batting: RHB Jeremie Holzschuh 0-0: Called Strike
0-1: Foul Ball, location: 2F
0-2: Ball
1-2: Ground out 5-3 (Groundball, 56S, EV 70.0 MPH)
Justin Greene to second
Batting: RHB Huston Cruz 0-0: Ball
1-0: Foul Ball, location: 2F
1-1: Called Strike
1-2: Ground out 6-3 (Groundball, 6S, EV 63.8 MPH)
Justin Greene to third
Batting: RHB Tripp Kalifetona 0-0: Fly out, F9 (Line Drive, 9S, EV 89.4 MPH)
Bottom of the 5th over - 1 run, 2 hits, 0 errors, 1 left on base; Lynn 2 - Baton Rouge 2
TOP OF THE 6TH
Lynn Patriots batting - Pitching for Baton Rouge Bayou : RHP Casey Fish
Batting: RHB Paxton Barnett 0-0: Swinging Strike
0-1: Foul Ball, location: 2F
0-2: Ball
1-2: Ball
2-2: Strikes out swinging
Batting: RHB Amani Hansen 0-0: Ball
1-0: Ball
2-0: Ball
3-0: Called Strike
3-1: Swinging Strike
3-2: Base on Balls
Pitching: RHP Charles Young
Batting: RHB Carter Kocher 0-0: Ball
1-0: Ball
2-0: Foul Ball, location: 2F
2-1: Called Strike
2-2: Foul Ball, location: 2F
2-2: Foul Ball, location: 2F
2-2: Foul Ball, location: 2F
2-2: SINGLE (Line Drive, 34, EV 102.5 MPH)
Amani Hansen to second
Batting: RHB Rodrick Madhubuti 0-0: Called Strike
0-1: Foul Ball, location: 2F
0-2: Ball
1-2: Ball
2-2: Foul Ball, location: 2F
2-2: Foul Ball, location: 2F
2-2: Strikes out swinging
Batting: RHB Mike Thompson 0-0: Ball
1-0: Fly out, F6 (Popup, 6M, EV 51.2 MPH)
Top of the 6th over - 0 runs, 1 hit, 0 errors, 2 left on base; Lynn 2 - Baton Rouge 2
BOTTOM OF THE 6TH
Baton Rouge Bayou batting - Pitching for Lynn Patriots : RHP Wyatt McManus
Batting: LHB Jon MacKinnon 0-0: Called Strike
0-1: Ground out 6-3 (Groundball, 6D, EV 108.1 MPH)
Batting: LHB Isaac Allen 0-0: Fly out, F9 (Line Drive, 89M, EV 91.2 MPH)
Batting: SHB Rob French 0-0: Called Strike
0-1: Foul Ball, location: 2F
0-2: Ball
1-2: Foul Ball, location: 2F
1-2: Foul Ball, location: 2F
1-2: Strikes out looking
Bottom of the 6th over - 0 runs, 0 hits, 0 errors, 0 left on base; Lynn 2 - Baton Rouge 2
TOP OF THE 7TH
Lynn Patriots batting - Pitching for Baton Rouge Bayou : RHP Charles Young
Batting: SHB Xavier Amaro 0-0: Foul Ball, location: 2F
0-1: Ball
1-1: Foul Ball, location: 2F
1-2: Ball
2-2: Strikes out swinging
Batting: LHB Deshaun Hone 0-0: Foul Ball, location: 2F
0-1: Ball
1-1: Swinging Strike
1-2: Ball
2-2: Strikes out swinging
Batting: LHB Chase Corman 0-0: Foul Ball, location: 2F
0-1: Ball
1-1: Ball
2-1: Foul Ball, location: 2F
2-2: Strikes out looking
Top of the 7th over - 0 runs, 0 hits, 0 errors, 0 left on base; Lynn 2 - Baton Rouge 2
BOTTOM OF THE 7TH
Baton Rouge Bayou batting - Pitching for Lynn Patriots : RHP Wyatt McManus
Batting: LHB Devin Kee 0-0: Ball
1-0: Foul Ball, location: 2F
1-1: Foul Ball, location: 2F
1-2: Foul Ball, location: 2F
1-2: Ball
2-2: Ball
3-2: Foul Ball, location: 2F
3-2: SINGLE (Line Drive, 8LS, EV 88.8 MPH)
Batting: LHB Peter Beasley 0-0: Ball
1-0: SINGLE (Groundball, 6D, EV 99.4 MPH)
Devin Kee to second
Batting: RHB Justin Greene 0-0: Bunt missed!
0-1: Bunted foul
0-2: Ball
1-2: Strikes out swinging
Batting: RHB Jeremie Holzschuh 0-0: Ball
1-0: Ball
2-0: Ball
3-0: Base on Balls
Devin Kee to third
Peter Beasley to second
Batting: RHB Huston Cruz 0-0: Swinging Strike
0-1: Called Strike
0-2: Foul Ball, location: 2F
0-2: Ball
1-2: Foul Ball, location: 2F
1-2: Ball
2-2: Fly out, F4 (Popup, 34, EV 58.1 MPH)
Batting: RHB Tripp Kalifetona 0-0: Foul Ball, location: 2F
0-1: Called Strike
0-2: Ball
1-2: Ball
2-2: Fielders Choice at 2nd, 6-4 (Groundball, 6, EV 86.9 MPH)
Bottom of the 7th over - 0 runs, 2 hits, 0 errors, 3 left on base; Lynn 2 - Baton Rouge 2
TOP OF THE 8TH
Lynn Patriots batting - Pitching for Baton Rouge Bayou : RHP Charles Young
Pitching: RHP Merrill Collier
Pinch Hitting: LHB Kyle Cherry 0-0: Called Strike
0-1: Called Strike
0-2: Foul Ball, location: 2F
0-2: Ball
1-2: Strikes out swinging
Batting: RHB Paxton Barnett 0-0: SINGLE (Line Drive, 4D, EV 104.4 MPH)
Batting: RHB Amani Hansen 0-0: Called Strike
0-1: Swinging Strike
0-2: Ball
1-2: Strikes out swinging
Batting: RHB Carter Kocher 0-0: Ball
1-0: Foul Ball, location: 2F
1-1: Called Strike
1-2: Fly out, F8 (Line Drive, 8RD, EV 86.2 MPH)
Top of the 8th over - 0 runs, 1 hit, 0 errors, 1 left on base; Lynn 2 - Baton Rouge 2
BOTTOM OF THE 8TH
Baton Rouge Bayou batting - Pitching for Lynn Patriots : RHP Wyatt McManus
Now at 3B: Traevis van Dijk
Now at SS: Paxton Barnett
Batting: LHB Jon MacKinnon 0-0: Ball
1-0: Foul Ball, location: 2F
1-1: Foul Ball, location: 2F
1-2: SINGLE (Line Drive, 78S, EV 88.8 MPH)
Batting: LHB Isaac Allen 0-0: Ball
Jon MacKinnon steals 2nd base
1-0: Fly out, F8 (Flyball, 8LD, EV 95.6 MPH)
Pitching: RHP Ron Brown
Batting: SHB Rob French 0-0: Ball
1-0: Swinging Strike
1-1: SINGLE (Groundball, 34D, EV 97.5 MPH)
Jon MacKinnon to third
Batting: LHB Devin Kee 0-0: Called Strike
0-1: Ball
1-1: Called Strike
1-2: Strikes out swinging
Batting: LHB Peter Beasley 0-0: Ball
1-0: Called Strike
1-1: Ball
2-1: Called Strike
2-2: Strikes out swinging
Bottom of the 8th over - 0 runs, 2 hits, 0 errors, 2 left on base; Lynn 2 - Baton Rouge 2
TOP OF THE 9TH
Lynn Patriots batting - Pitching for Baton Rouge Bayou : RHP Merrill Collier
Batting: RHB Rodrick Madhubuti 0-0: Ball
1-0: Ball
2-0: Foul Ball, location: 2F
2-1: Foul Ball, location: 2F
2-2: Foul Ball, location: 2F
2-2: Foul Ball, location: 2F
2-2: Ball
3-2: Ground out 4-3 (Groundball, 13, EV 85.6 MPH)
Batting: RHB Mike Thompson 0-0: Called Strike
0-1: Called Strike
0-2: Strikes out swinging wild pitch, reaches first!
Batting: SHB Xavier Amaro 0-0: Ball
1-0: Foul Ball, location: 2F
1-1: Swinging Strike
1-2: Ball
2-2: Ball
3-2: Foul Ball, location: 2F
3-2: Fielders Choice at 2nd, 3-6 (Groundball, 3, EV 83.1 MPH)
Batting: LHB Deshaun Hone 0-0: Ball
1-0: Ball
2-0: Foul Ball, location: 2F
2-1: Foul Ball, location: 2F
2-2: Ball
3-2: Foul Ball, location: 2F
3-2: Strikes out looking
Top of the 9th over - 0 runs, 0 hits, 0 errors, 1 left on base; Lynn 2 - Baton Rouge 2
BOTTOM OF THE 9TH
Baton Rouge Bayou batting - Pitching for Lynn Patriots : RHP Ron Brown
Pinch Hitting: LHB Kemper Small 0-0: Foul Ball, location: 2F
0-1: Foul Ball, location: 2F
0-2: Ball
1-2: Ball
2-2: SOLO HOME RUN (Flyball, 7D, EV 100.0 MPH), Distance : 375 ft
Bottom of the 9th over - 1 run, 1 hit, 0 errors, 0 left on base; Lynn 2 - Baton Rouge 3
Tuesday, March 19th , 2024 - OOTP Baseball 23.10 Build 110